 Dungeon Crawl Stone Soup version 0.28.0-53-g5a82cb258f (webtiles) character file.

Game seed: 3535530573562296238

123 styxcanada the Covert (level 4, -1/23 HPs)
             Began as a Spriggan Brigand on Aug 6, 2022.
             Slain by a water moccasin skeleton (5 damage)
             ... on level 4 of the Dungeon.
             The game lasted 00:10:04 (3505 turns).

styxcanada the Covert (Spriggan Brigand)            Turns: 3505, Time: 00:10:04

Health: -1/23      AC:  3    Str:  7    XL:     4   Next: 79%
Magic:  5/5        EV: 17    Int: 12    God:
Gold:   65         SH:  0    Dex: 18    Spells: 3/3 levels left

rFire   . . .      SeeInvis +   a - +2 dagger
rCold   . . .      Faith    .   (no shield)
rNeg    . . .      Spirit   .   b - +0 robe
rPois   .          Reflect  .   (helmet restricted)
rElec   .          Harm     .   c - +0 cloak
rCorr   .          Rampage  .   (gloves unavailable)
Will    +....                   (boots unavailable)
Stlth   ++++......              (no amulet)
HPRegen 0.07/turn               q - ring of willpower
MPRegen 0.09/turn               (no ring)

@: very quick
A: very small, no large weapons, unfitting armour, see invisible, speed 3
a: no special abilities


You were on level 4 of the Dungeon.
You visited 1 branch of the dungeon, and saw 4 of its levels.

You collected 65 gold pieces.

Inventory:

Hand Weapons
 a - a +2 dagger (weapon)
 e - a +2 vorpal flail
 o - a +0 hunting sling
Missiles
 g - 4 boomerangs (quivered)
 j - 105 stones
 p - 2 curare-tipped darts
Armour
 b - a +0 robe (worn)
 c - a +0 cloak (worn)
Jewellery
 q - a ring of willpower (left hand)
Wands
 h - a wand of iceblast (4)
Scrolls
 k - 3 scrolls of blinking {unknown}
 l - a scroll of fear {unknown}
 m - a scroll of enchant armour {unknown}
 n - a scroll of teleportation {unknown}
Potions
 d - a potion of lignification {unknown}
 f - 2 potions of haste
 i - a potion of heal wounds
 r - a potion of flight


   Skills:
 * Level 1.9 Fighting
 + Level 2.6 Short Blades
 + Level 0.2(1.7) Slings
 + Level 2.3 Throwing
 * Level 2.3 Dodging
 * Level 8.2 Stealth


You had 3 spell levels left.
You didn't know any spells.
Your spell library contained the following spells:

 Spells                   Type           Power      Damage    Failure   Level
 Beastly Appendage        Tmut           0%         N/A       32%         1
 Wereblood                Tmut           0%         N/A       45%         2
 Frozen Ramparts          Ice            0%         1d2       69%         3
 Spider Form              Tmut/Pois      0%         N/A       69%         3
 Ice Form                 Ice/Tmut       0%         N/A       97%         4
 Summon Ice Beast         Ice/Summ       0%         N/A       97%         4


Dungeon Overview and Level Annotations

Branches:
Dungeon (4/15)
 Temple: D:4-7

Altars:

Shops:
D:2 =?[

Annotations:
D:4 Blork the orc, Dowan, Duvessa


Innate Abilities, Weirdness & Mutations

You are very small and have problems with some larger weapons.
You are too small for most types of armour.
You have supernaturally acute eyesight. (SInv)
You cover ground extremely quickly. (Speed+++)


Message History

Fire: 103 stones
Press: ? - help, Q - select action, (/) - cycle Shift-Dir - straight line, f/p - jelly
Aim: a jelly (heavily wounded, 90% to hit)
You shoot a stone. The stone hits the jelly.
The jelly is severely wounded.
Fire: 102 stones
Press: ? - help, Q - select action, (/) - cycle Shift-Dir - straight line, f/p - jelly
Aim: a jelly (severely wounded, 90% to hit)
You shoot a stone. The stone hits the jelly.
You kill the jelly!
j - 102 stones (gained 1)
j - 103 stones (gained 1)
j - 104 stones (gained 1)
You see here a stone.
j - 105 stones (gained 1)
a - a +2 dagger (weapon)
A ball python is nearby!
A water moccasin skeleton comes into view.
You closely miss the water moccasin skeleton.
The water moccasin skeleton misses you.
You hit the water moccasin skeleton.
The water moccasin skeleton is lightly damaged.
The water moccasin skeleton bites you.
You hit the water moccasin skeleton.
The water moccasin skeleton is lightly damaged.
The water moccasin skeleton bites you.
You hit the water moccasin skeleton.
The water moccasin skeleton is moderately damaged.
The water moccasin skeleton bites you.
You closely miss the water moccasin skeleton.
The water moccasin skeleton is moderately damaged.
The water moccasin skeleton barely misses you.
You hit the water moccasin skeleton.
The water moccasin skeleton is moderately damaged.
The water moccasin skeleton bites you.
* * * LOW HITPOINT WARNING * * *
You hit the water moccasin skeleton.
The water moccasin skeleton is heavily damaged.
The water moccasin skeleton bites you.
You die...

...## #.# ####
#.. ### ##. ... .
..# #.# .# #.#
#.# .# #.# #.# .#
#Z# #.# .#
#@####.###.#
#.##.....#.#
#.##.#.#.#.#
#.#........#
...###.#..#.#.###
#..............#
#.###.#.#.######
#...#.# #.###.#


You could see a water moccasin skeleton.

Vanquished Creatures
  A jelly (D:4)
  A hound skeleton (D:4)
  3 gnolls (D:2)
  An adder (D:3)
  6 orcs (D:3)
  A ball python (D:1)
  7 bats
  An endoplasm (D:3)
  3 giant cockroaches
  3 goblins
  2 hobgoblins
  2 jackals (D:3)
  2 quokkas
  A frilled lizard (D:2)
  2 kobolds
  A rat (D:1)
37 creatures vanquished.

Notes
Turn   | Place    | Note
-------+----------+-------------------------------------------
     0 | D:1      | styxcanada the Spriggan Brigand began the quest for the
                  | Orb.
     0 | D:1      | Reached XP level 1. HP: 10/10 MP: 2/2
    62 | D:1      | Reached skill level 6 in Stealth
   151 | D:1      | Reached XP level 2. HP: 8/14 MP: 3/3
  1023 | D:2      | You fall into a shaft and drop 2 floors!
  1035 | D:4      | Noticed Blork the orc
  1243 | D:3      | Reached skill level 7 in Stealth
  1299 | D:2      | Found Feciamib's Jewellery Boutique.
  1507 | D:2      | Found Touhir's Magic Scroll Shoppe.
  1558 | D:2      | Found Heaxkoir's Armour Shoppe.
  1598 | D:2      | Reached XP level 3. HP: 3/18 MP: 4/4
  1928 | D:2      | Found a faded altar of an unknown god.
  2858 | D:3      | Reached XP level 4. HP: 22/23 MP: 5/5
  3061 | D:3      | Reached skill level 8 in Stealth
  3326 | D:4      | Noticed Duvessa
  3327 | D:4      | Noticed Dowan
  3505 | D:4      | Slain by a water moccasin skeleton

Illustrated notes

Levels and vault maps discovered:
D:1:      saegor_arrival_simple_e, layout_rooms, serial_rivers,
          chequers_serial_rivers_small_b, chequers_serial_rivers_small_a,
          chequers_serial_rivers_large_a, chequers_serial_rivers_small_3,
          minmay_misc_feat_tiny, chequers_arboretum,
          hangedman_decor_clover_reticule
D:2:      layout_loops_ring, serial_shops, shop_statue, shop,
          nicolae_square_shop, shapermc_ecumenical_altar_hornbeckon, minivault_5
D:3:      layout_loops_corners
D:4:      layout_loops_ring, enter_ossuary_2, uniq_duvessa, uniq_blork_the_orc,
          uniq_robin, uniq_edmund

Skill      XL: |  1  2  3  4 |
---------------+-------------+-----
Stealth        | 6 7 8 |  8.2
Dodging        | 2 |  2.3
Fighting       | |  1.9
Short Blades   | |  2.6
Slings         | |  0.2
Throwing       | |  2.3

Action                   |  1- 3 |  4- 6 || total
-------------------------+-------+-------++-------
Melee: Dagger            |    99 |    27 ||   126
       Punch             |     2 |       ||     2
 Fire: Hunting sling     |       |     4 ||     4
Throw: Dart              |    18 |     6 ||    24
       Boomerang         |       |     1 ||     1
  Use: Scroll            |     1 |     3 ||     4
 Stab: Sleeping          |    11 |     3 ||    14
Armor: Robe              |     8 |     5 ||    13
Dodge: Dodged            |    56 |    17 ||    73
